 Dungeon Crawl Stone Soup version 0.17.0-28-g6e173f8 (console) character file.

693 Kloppie the Basher (level 7, -2/80 HPs)
             Began as an Ogre Gladiator on Dec 1, 2015.
             Was an Initiate of Elyvilon.
             Slain by Blork the orc
             ... wielding a +0 war axe
              (6 damage)
             ... on level 5 of the Dungeon.
             The game lasted 00:07:00 (4240 turns).

Kloppie the Basher (Ogre Gladiator)                 Turns: 4240, Time: 00:07:00

Health: -2/80      AC: 10    Str: 21    XL:     7   Next: 64%
Magic:  7/7        EV:  8    Int:  7    God:    Elyvilon [......]
Gold:   244        SH:  0    Dex: 12    Spells: 0 memorised, 6 levels left

rFire  + + .     SeeInvis .     a - +0 flail
rCold  x . .     Clarity  .     n - +0 fire dragon armour
rNeg   . . .     SustAt   .     (no shield)
rPois  .         Gourm    .     c - +0 hat
rElec  .         Spirit   .     q - +0 cloak
rCorr  .         Warding  .     (gloves unavailable)
rMut   .         Stasis   .     (boots unavailable)
MR     .....                    (no amulet)
Stlth  ..........               (no ring)
                                (no ring)

@: not resistant to hostile enchantments, extremely unstealthy
A: unfitting armour, tough skin 1
a: Renounce Religion


You were on level 5 of the Dungeon.
You worshipped Elyvilon.
Elyvilon was noncommittal.
You were not hungry.

You visited 2 branches of the dungeon, and saw 6 of its levels.

You collected 244 gold pieces.

Inventory:

Hand Weapons
 a - a +0 flail (weapon)
 w - a +0 giant spiked club
Missiles
 d - 2 throwing nets (quivered)
Armour
 b - a +0 robe
 c - a +0 hat (worn)
 n - a +0 fire dragon armour (worn)
 q - a +0 cloak (worn)
Wands
 t - a wand of magic darts (22)
Scrolls
 f - a scroll of enchant weapon {unknown}
 g - 3 scrolls of remove curse {unknown}
 h - 2 scrolls of blinking {unknown}
 j - 5 scrolls of identify {unknown}
 l - 5 scrolls of teleportation {unknown}
 x - 2 scrolls of magic mapping {unknown}
 y - 3 scrolls of recharging {unknown}
Potions
 m - 2 potions of heal wounds {unknown}
 o - a potion of brilliance {unknown}
 p - a potion of curing {unknown}
 r - a potion of haste {unknown}
 u - a potion of lignification {unknown}
 z - 2 potions of poison {unknown}
Comestibles
 e - 4 bread rations
 i - 2 beef jerkies
 k - 6 fruits
 s - a slice of pizza
 v - a royal jelly
 A - 6 chunks of flesh


   Skills:
 + Level 8.0 Fighting
 + Level 8.4 Maces & Flails
 - Level 2.0 Throwing
 - Level 2.6 Dodging


You had 6 spell levels left.
You didn't know any spells.

Dungeon Overview and Level Annotations

Branches:
Dungeon (5/15)             Temple (1/1) D:4

Altars:
Elyvilon
Gozag
Kikubaaqudgha
Makhleb
Nemelex Xobeh
Qazlal
Ru
Sif Muna
Trog
Vehumet
Xom
Yredelemnul
Zin
The Shining One

Annotations:
D:5 Blork the orc


Innate Abilities, Weirdness & Mutations

You are too large for most types of armour.
You have tough skin (AC +1).


Message History

The magic dart hits you!
* * * LOW HITPOINT WARNING * * *
You closely miss something. Something hits you.
* * * LOW HITPOINT WARNING * * *
You completely miss something. Something hits you!
* * * LOW HITPOINT WARNING * * *
You sock something! Something hits you but does no damage.
You closely miss something. You hit something. Something hits you.
* * * LOW HITPOINT WARNING * * *
Drink which item? (? for menu, Esc to quit)
Okay, then.
You hit something but do no damage. Something hits you!
* * * LOW HITPOINT WARNING * * *
Your fire dragon armour prevents you from hitting something.
You hear some strange, mumbled words.
A puff of flame appears from out of thin air!
The puff of flame hits you! You resist. Something hits you but does no damage.
You closely miss something. Something hits you.
You die...

## #. .. #> #. #...##
#. #..... #. ###...##
#. #....... ##.###
######....... #.{@.#
#...##.......
#.####.###...##.......
#............[........
######.###...##.......
#..(..# #...#######..
#.##### #...# #..
#.##<# #...# #..
#....# ##### ###
######


There were no monsters in sight!

Vanquished Creatures
  Purgy (D:4)
  An ogre (D:4)
  A centaur (D:5)
  A giant frog skeleton (D:5)
  An orc priest (D:5)
  4 orc wizards
  Terence (D:3)
  3 worker ants (D:4)
  5 adders
  A worker ant zombie (D:5)
  2 oozes
  An adder skeleton (D:3)
  5 worms
  3 giant geckos
  4 orcs (D:4)
  5 ball pythons
  6 giant cockroaches
  6 goblins
  10 hobgoblins
  2 kobolds (D:1)
  2 quokkas (D:4)
  8 bats
  A giant gecko skeleton (D:4)
  7 rats
81 creatures vanquished.

Notes
Turn   | Place    | Note
--------------------------------------------------------------
     0 | D:1      | Kloppie the Ogre Gladiator began the quest for the Orb.
     0 | D:1      | Reached XP level 1. HP: 22/22 MP: 1/1
   110 | D:1      | Reached XP level 2. HP: 29/31 MP: 2/2
   562 | D:1      | Reached XP level 3. HP: 37/39 MP: 3/3
   822 | D:1      | Reached skill level 5 in Maces & Flails
  1393 | D:2      | Reached XP level 4. HP: 48/48 MP: 4/4
  2206 | D:3      | Noticed Terence
  2223 | D:3      | Killed Terence
  2262 | D:3      | Reached skill level 5 in Fighting
  2273 | D:3      | Reached XP level 5. HP: 57/57 MP: 5/5
  2694 | D:3      | Found a stormy altar of Qazlal.
  3022 | D:3      | Reached skill level 6 in Maces & Flails
  3077 | D:4      | Noticed an ogre
  3086 | D:4      | Killed an ogre
  3086 | D:4      | Reached XP level 6. HP: 64/67 MP: 6/6
  3344 | D:4      | Found a staircase to the Ecumenical Temple.
  3349 | Temple   | Entered the Ecumenical Temple
  3435 | Temple   | Became a worshipper of Elyvilon the Healer
  3506 | D:4      | Found an opulent altar of Gozag.
  3580 | D:4      | Noticed Purgy
  3599 | D:4      | Killed Purgy
  3599 | D:4      | Reached skill level 7 in Maces & Flails
  3801 | D:5      | Entered Level 5 of the Dungeon
  3844 | D:4      | Reached XP level 7. HP: 65/78 MP: 7/7
  4094 | D:5      | Reached skill level 8 in Maces & Flails
  4210 | D:5      | Noticed Blork the orc
  4238 | D:5      | HP: 4/80 [something (7)]
  4240 | D:5      | Slain by Blork the orc

Action                   |  1- 3 |  4- 6 |  7- 9 || total
-------------------------+-------+-------+-------++-------
Melee: Flail             |   107 |   193 |    94 ||   394
Throw: Throwing net      |       |     1 |       ||     1
Evoke: Wand              |       |     4 |       ||     4
 Stab: Sleeping          |     1 |       |       ||     1
  Eat: Chunk             |     2 |     7 |     2 ||    11
